 Dungeon Crawl Stone Soup version 0.30-a0-528-g8c47a4955b (webtiles) character file.

Game seed: 8006637087775390658

6313 greenreed the Basher (level 10, -2/87 (88) HPs)
             Began as a Red Draconian Fighter on Dec 23, 2022.
             Was a Follower of Nemelex Xobeh.
             Killed by the air
             ... invoked by Gastronok
              (19 damage)
             ... on level 8 of the Dungeon.
             The game lasted 00:20:15 (9446 turns).

greenreed the Basher (Red Draconian Fighter)        Turns: 9446, Time: 00:20:15

HP:   -2/87 (88)    AC:  8    Str: 28    XL:     10   Next: 64%
MP:   10/10         EV: 14    Int:  9    God:    Nemelex Xobeh [*.....]
Gold: 535           SH:  5    Dex: 11    Spells: 9/9 levels left

rFire   + . .      SeeInvis .    D - +2 morningstar (vorpal)
rCold   . . .      Faith    .    b - +0 buckler
rNeg    . . .      Spirit   .    (body armour unavailable)
rPois   .          Reflect  .    (helmet restricted)
rElec   .          Harm     .    l - +0 cloak
rCorr   .          Rampage  .    (no gloves)
Will    .....                    (no boots)
Stlth   ++                       (no amulet)
HPRegen 0.34/turn                u - +6 ring of strength
MPRegen 0.12/turn                (no ring)

@: slowed, lightly drained, very slow
A: breathe fire, AC +7, unfitting armour, fire resistance 1, cold-blooded
a: Breathe Fire, Renounce Religion, Draw Escape, Draw Destruction, Draw
Summoning


You were on level 8 of the Dungeon.
You worshipped Nemelex Xobeh.
Nemelex Xobeh was aware of your devotion.
You visited 2 branches of the dungeon, and saw 10 of its levels.

You collected 535 gold pieces.

Inventory:

Hand Weapons
 v - a +1 flail of protection
 D - a +2 vorpal morningstar (weapon)
 G - a +1 mace of holy wrath
Missiles
 o - 7 poisoned darts
 y - a curare-tipped dart
Armour
 b - a +0 buckler (worn)
 l - a +0 cloak (worn)
Jewellery
 u - a +6 ring of strength (left hand)
 E - a +6 ring of strength
Wands
 a - a wand of iceblast (33)
 x - a wand of flame (36)
 B - a wand of charming (7)
Scrolls
 d - 2 scrolls of summoning {unknown}
 f - 2 scrolls of immolation {unknown}
 h - 5 scrolls of teleportation {unknown}
 j - 2 scrolls of fear {unknown}
 m - 12 scrolls of identify {unknown}
 n - 3 scrolls of enchant armour {unknown}
 r - a scroll of noise {unknown}
 s - 3 scrolls of enchant weapon {unknown}
 t - 2 scrolls of poison {unknown}
 A - a scroll of fog {unknown}
 C - a scroll of magic mapping {unknown}
 H - a scroll of brand weapon {unknown}
Potions
 c - a potion of might
 e - 4 potions of heal wounds {unknown}
 g - 2 potions of flight {unknown}
 i - 5 potions of curing
 k - 3 potions of berserk rage {unknown}
 p - 2 potions of lignification {unknown}
 q - a potion of invisibility {unknown}
 w - a potion of brilliance {unknown}
 z - 3 potions of resistance {unknown}
 F - 2 potions of mutation {unknown}


   Skills:
 * Level 7.9 Fighting
 * Level 11.1 Maces & Flails
 + Level 0.7 Throwing
 + Level 7.7 Dodging
 + Level 2.6 Stealth
 + Level 6.1 Shields
 * Level 0.8 Invocations
 + Level 0.2 Evocations


You had 9 spell levels left.
You didn't know any spells.
Your spell library contained the following spells:

 Spells                   Type           Power      Damage    Failure   Level
 Kiss of Death            Conj/Necr      0%         2d5       45%         1
 Confusing Touch          Hex            0%         N/A       83%         3
 Dazzling Flash           Conj/Hex       0%         N/A       83%         3
 Dispel Undead            Necr           0%         3d6       99%         4
 Iskenderun's Mystic Bla  Conj/Tloc      0%         2d3       99%         4
 Summon Lightning Spire   Summ/Air       0%         N/A       99%         4
 Starburst                Conj/Fire      0%         6d3       100%        6
 Storm Form               Tmut/Air       0%         N/A       100%        7
 Maxwell's Capacitive Co  Air            0%         ∞         100%        8


Dungeon Overview and Level Annotations

Branches:
Dungeon (9/15)             Temple (1/1) D:6
   Lair: D:8-11         Orc: D:9-12

Altars:
Ashenzari
Cheibriados
Dithmenos
Elyvilon
Fedhas
Hepliaklqana
Kikubaaqudgha
Makhleb
Nemelex Xobeh
Qazlal
Ru
Sif Muna
Trog
Uskayaw
Wu Jian
Xom
Yredelemnul
Zin
The Shining One

Shops:
D:1 (

Annotations:
D:8 Gastronok


Innate Abilities, Weirdness & Mutations

You can breathe blasts of fire.
Your fiery red scales are hard. (AC +7)
You cannot fit into any form of body armour.
Your flesh is heat resistant. (rF+)
You are cold-blooded and may be slowed by cold attacks.


Message History

You feel a sudden, passing aversion to salt.
You have got your breath back.
You breathe a blast of fire.
The fiery breath hits Gastronok!
Gastronok is lightly wounded.
Gastronok is engulfed in blazing flames.
Gastronok's eyestalks quiver as he mumbles some strange words.
Gastronok puts on a burst of speed!
You have got your breath back.
There is a stone staircase leading down here.
You enter the shallow water.
Moving in this stuff is going to be slow.
Gastronok is no longer moving quickly.
Gastronok casts a spell at you.
You feel yourself slow down.
Gastronok chants a spell, wobbling all the while.
Gastronok puts on a burst of speed!
You breathe a blast of fire.
The fiery breath hits Gastronok!
Gastronok is lightly wounded.
Gastronok is engulfed in a cloud of scalding steam.
Gastronok gurgles, "It's true, you are what you eat."
You enter the shallow water.
Moving in this stuff is going to be slow.
Gastronok looks at you and mumbles some strange words.
You feel as though you will be slow longer.
Why would you want to do that?
You enter the shallow water.
Moving in this stuff is going to be slow.
Gastronok waves his eye-stalks in wide circles.
The air twists around and strikes you!!
You have got your breath back.
Gastronok waves his eye-stalks in wide circles.
The air twists around and strikes you!!
Gastronok waves his eye-stalks in wide circles.
The air twists around and strikes you!!
* * * LOW HITPOINT WARNING * * *
Gastronok gurgles, "It's true, you are what you eat."
Gastronok waves his eye-stalks in wide circles.
The air twists around and strikes you!!
You die...
Your body disappears without a glow.

###.###.#.#.###.......#
................#####.#
........~.....#.# #.#
....##..~~~...#.# #.#
.##.##.~~~~.#.#.# #.#
.##....~~~~.#.#.#####.##
.##.#.[≈~~~P...........#
....##..~.P.#.#######.##
..#.###[#.......@.....#
......[......>#.#######
..#.#.#.#.......#
..#.#.#.#.~.~...#
..#.#.#.#.~~~w..#
..#......≈~~~~≈##
..........~~~..#
.#...##.#......#
.#.####.#.#.#.######


You could see Gastronok (swift).

Vanquished Creatures
  Joseph (D:8)
  Maggie (D:8)
  3 unseen horror zombies (D:8)
  Grinder (D:6)
  2 wyverns (D:8)
  A yak (D:8)
  A steam dragon (D:8)
  Edmund (D:4)
  A water moccasin (D:8)
  An orc warrior (D:8)
  2 black bears (D:6)
  An ice beast (D:7)
  4 sky beasts
  2 ogres
  5 centaurs
  2 kobold brigands (D:6)
  3 bullfrogs
  2 gnoll sergeants
  2 necrophages
  4 scorpions
  13 wights
  6 killer bees
  A howler monkey (D:6)
  A centaur zombie (D:8)
  4 orc priests
  2 hounds
  A jelly (D:8)
  Ijyb (D:3)
  4 iguanas
  6 orc wizards
  A killer bee zombie (D:8)
  2 howler monkey zombies (D:8)
  5 gnolls (D:7)
  11 adders
  A shadow imp (D:5)
  A white imp (D:7)
  An ufetubus (D:4)
  2 worms
  6 dart slugs
  33 orcs
  4 ball pythons
  7 endoplasms
  9 giant cockroaches
  10 hobgoblins
  6 jackals
  17 kobolds
  6 quokkas
  11 bats
  6 frilled lizards
  14 goblins
  5 rats
237 creatures vanquished.

Vanquished Creatures (others)
  An orc (D:8)
  16 plants (D:7)
  4 withered plants (D:8)
21 creatures vanquished.

Grand Total: 258 creatures vanquished

Notes
Turn   | Place    | Note
-------+----------+-------------------------------------------
     0 | D:1      | greenreed the Draconian Fighter began the quest for the
                  | Orb.
     0 | D:1      | Reached XP level 1. HP: 19/19 MP: 1/1
    33 | D:1      | Reached XP level 2. HP: 5/26 MP: 2/2
   228 | D:1      | Found Jeorph's Antique Weapon Shoppe.
   519 | D:1      | Reached XP level 3. HP: 31/33 MP: 3/3
  1237 | D:2      | Reached XP level 4. HP: 37/37 MP: 4/4
  1375 | D:2      | Reached skill level 3 in Maces & Flails
  2168 | D:3      | Found a bloodstained altar of Trog.
  2195 | D:3      | Found a faded altar of an unknown god.
  2950 | D:3      | Noticed Ijyb
  2993 | D:3      | Killed Ijyb
  2994 | D:3      | Reached XP level 5. HP: 19/46 MP: 5/5
  3187 | D:4      | Noticed Edmund
  3410 | D:4      | Killed Edmund
  3411 | D:4      | Reached skill level 4 in Maces & Flails
  3411 | D:4      | Reached XP level 6. HP: 31/53 MP: 6/6
  4043 | D:4      | Identified the +5 spear "Eraomy" {venom, Will+}
  4573 | D:5      | Entered Level 5 of the Dungeon
  4636 | D:5      | Reached skill level 5 in Fighting
  4636 | D:5      | Your scales start taking on a fiery red colour.
  4636 | D:5      | Reached XP level 7. HP: 49/61 MP: 7/7
  4636 | D:5      | Gained mutation: Your flesh is heat resistant. (rF+) [Red
                  | Draconian growth]
  4723 | D:5      | Reached skill level 5 in Maces & Flails
  4723 | D:5      | Reached skill level 1 in Stealth
  4762 | D:5      | Found a shimmering altar of Xom.
  4799 | D:5      | Found a stormy altar of Qazlal.
  4800 | D:5      | Noticed a water elemental
  4805 | D:5      | Noticed a fire elemental
  4806 | D:5      | Noticed an air elemental
  5083 | D:5      | Found a sacrificial altar of Ru.
  5562 | D:6      | Reached skill level 6 in Maces & Flails
  5637 | D:6      | Reached XP level 8. HP: 69/69 MP: 8/8
  5656 | D:6      | Found a glowing golden altar of the Shining One.
  5665 | D:6      | Found a broken altar of Ashenzari.
  5899 | D:6      | Reached skill level 7 in Maces & Flails
  5900 | D:6      | Reached skill level 5 in Dodging
  5950 | D:6      | Found an ancient bone altar of Kikubaaqudgha.
  6205 | D:6      | Noticed Grinder
  6235 | D:6      | Killed Grinder
  6236 | D:6      | Reached skill level 8 in Maces & Flails
  6236 | D:6      | Reached XP level 9. HP: 66/75 MP: 9/9
  6454 | D:6      | Found a staircase to the Ecumenical Temple.
  6460 | Temple   | Entered the Ecumenical Temple
  6572 | Temple   | Became a worshipper of Nemelex Xobeh the Trickster
  6980 | D:7      | Reached skill level 5 in Shields
  6980 | D:7      | Found a shimmering blue altar of Sif Muna.
  7258 | D:7      | Reached skill level 9 in Maces & Flails
  7966 | D:8      | Found a basalt altar of Yredelemnul.
  7967 | D:8      | Reached * piety under Nemelex Xobeh
  8029 | D:8      | Found a white marble altar of Elyvilon.
  8053 | D:8      | Noticed Maggie
  8085 | D:8      | Killed Maggie
  8173 | D:8      | Reached skill level 10 in Maces & Flails
  8173 | D:8      | Reached XP level 10. HP: 78/86 MP: 10/10
  8212 | D:8      | Noticed Joseph
  8394 | D:8      | Killed Joseph
  8553 | D:8      | Received a gift from Nemelex Xobeh
  8758 | D:8      | Noticed a red ugly thing
  8762 | D:8      | Noticed a green ugly thing
  8763 | D:8      | Noticed a centaur warrior
  8839 | D:9      | Reached skill level 11 in Maces & Flails
  9397 | D:8      | Noticed Gastronok
  9446 | D:8      | Killed from afar by Gastronok

Illustrated notes

Levels and vault maps discovered:
D:1:      eino_arrival_water_star, layout_loops_ring, serial_shops, shop_coins,
          minmay_door_square
D:2:      minmay_door_path, layout_basic, serial_aquarium,
          aquarium_bridge_straight [aquarium_subvault_bridge,
          aquarium_subvault_balcony, aquarium_subvault_bridge,
          aquarium_subvault_balcony], aquarium_bridge_island_small
          [aquarium_subvault_small_open, aquarium_subvault_bridge,
          aquarium_subvault_wall, aquarium_subvault_bridge,
          aquarium_subvault_window], aquarium_window_fake, aquarium_window_1,
          aquarium_view_2d, aquarium_pool_corner, bh_walls_and_bars
D:3:      kennysheep_goblin_castle, layout_basic, trog_butcher_becter,
          shapermc_ecumenical_altar_venn
D:4:      minmay_chambers_of_twos, layout_basic, uniq_edmund
D:5:      layout_cave_pods, nicolae_qazlal_style_of_elements,
          nicolae_ru_awakened_eye, mainiacjoe_overflow_boulevard
D:6:      minmay_diamond_boxcup, layout_basic, nicolae_overflow_hidden_temple,
          general_overflow_altar, mainiacjoe_overflow_small_starburst,
          minmay_temple_entry_metal_lava, uniq_grinder
D:7:      layout_rooms, mainiacjoe_overflow_chevrons
D:8:      minmay_the_grid_square_5x5_3x3
          [minmay_the_grid_square_5x5_tetrominoes,
          minmay_the_grid_square_5x5_checkered_sparse,
          minmay_the_grid_square_5x5_mess, minmay_the_grid_square_5x5_bite,
          minmay_the_grid_square_5x5_megaprize_open,
          minmay_the_grid_square_5x5_eight,
          minmay_the_grid_square_5x5_three_small,
          minmay_the_grid_square_5x5_detours,
          minmay_the_grid_square_5x5_trominoes], layout_basic,
          kennysheep_ying_yang, serial_undead, serial_undead_f, serial_undead_a,
          serial_undead_e, serial_undead_a, serial_undead_f, uniq_gastronok,
          uniq_joseph, uniq_maggie
D:9:      layout_basic, amcnicky_altar_gilded, okawaru_altar_gauntlet_db,
          marbit_many_paths, hellmonk_lair_entry_icy, orc_0_dummy,
          nicolae_water_bricks
Temple:   kb_temple_of_zot

Skill      XL: |  1  2  3  4  5  6  7  8  9 10 |
---------------+-------------------------------+-----
Dodging        | 3 4 5 7 |  7.7
Fighting       | 4 5 6 7 |  7.9
Maces & Flails | 3 4 6 8 10 11 | 11.1
Stealth        | 1 2 |  2.6
Shields        | 4 5 6 |  6.1
Throwing       | |  0.7
Invocations    | |  0.8
Evocations     | |  0.2

Action                   |  1- 3 |  4- 6 |  7- 9 | 10-12 || total
-------------------------+-------+-------+-------+-------++-------
Melee: Flail             |   120 |   230 |   240 |       ||   590
       Tailslap          |    11 |    23 |    40 |    13 ||    87
       Morningstar       |       |       |     9 |    69 ||    78
Throw: Dart              |       |     8 |       |       ||     8
Invok: Draw Destruction  |       |       |       |     4 ||     4
 Abil: Breathe Fire      |       |       |    44 |    14 ||    58
Evoke: Wand              |       |     2 |       |       ||     2
  Use: Potion            |       |     1 |       |     3 ||     4
 Stab: Sleeping          |       |     1 |       |       ||     1
Armor: Skin              |    40 |    99 |   104 |    31 ||   274
Dodge: Dodged            |    91 |   166 |   175 |   111 ||   543
Block: Buckler           |    28 |    51 |    64 |    33 ||   176

Table legend: (Time is in decaauts)
 A = Elapsed time spent in this place.
 B = Non-inter-level travel time spent in this place.
 C = Inter-level travel time spent in this place.
 D = Time resting spent in this place.
 E = Time spent auto-exploring this place.
 F = Levels seen in this place.
 G = Mean time per level.
                   A        B        C        D        E       F      G
               +--------+--------+--------+--------+--------+-----+--------+
         Total |   9583 |   9198 |    385 |    167 |   7223 |  10 |  958.3 |
       Dungeon |   9439 |   9103 |    336 |    167 |   7136 |   9 | 1048.8 |
        Temple |    143 |     94 |     49 |      0 |     87 |   1 |  143.0 |
               +--------+--------+--------+--------+--------+-----+--------+

Top non-repeatable levels by time:
     D:8: 1555 daAuts
     D:4: 1364 daAuts
     D:2: 1296 daAuts
     D:6: 1184 daAuts
     D:3: 1110 daAuts
     D:7: 1047 daAuts
     D:5: 956 daAuts
     D:1: 900 daAuts
  Temple: 143 daAuts
     D:9: 23 daAuts
